 Dungeon Sprint DCSS version 0.31-a0-37-g98a128e1d9 (webtiles) character file.

Game seed: 12443424379803095240

583 bmack86 the Cleaver (level 7, -9/71 HPs)
             Began as a Minotaur Berserker on May 15, 2023.
             Was a Believer of Trog.
             Mangled by Sonja
             ... wielding a +0 dagger of distortion
              (22 damage)
             ... in the Dungeon (Sprint I: "Red Sonja").
             The game lasted 00:03:11 (344 turns).

bmack86 the Cleaver (Minotaur Berserker)             Turns: 344, Time: 00:03:11

Health: -9/71      AC: 18    Str: 24    XL:     7   Next: 14%
Magic:  6/6        EV:  9    Int:  4    God:    Trog [**....]
Gold:   65         SH:  0    Dex:  9    Spells: 6/6 levels left

rFire   . . .        b - +0 scythe
rCold   . . .        (shield currently unavailable)
rNeg    + . .        i - +3 chain mail {rN+}
rPois   .            (helmet restricted)
rElec   .            (no cloak)
rCorr   .            j - +0 pair of gloves
SInv    .            k - +1 pair of boots of the Doldrums {Harm}
Will    .....        (no amulet) Stlth
                     (no ring)
HPRegen 0.31/turn    (no ring)
MPRegen 0.10/turn

%: no teleportation, harm (+30% outgoing, +20% incoming)
@: slowed, very slow
A: horns 2, retaliatory headbutt
a: Renounce Religion, Berserk, Trog's Hand


You were in the Dungeon.
You worshipped Trog.
Trog was pleased with you.
You visited 1 branch You collected 429 gold pieces.
You spent 364 gold pieces at shops.

Inventory:

Hand Weapons
 a - a +0 hand axe
 b - a +0 scythe (weapon)
Armour
 i - a +3 chain mail of positive energy (worn)
 j - a +0 pair of gloves (worn)
 k - the +1 pair of boots of the Doldrums (worn) {Harm}
   (You bought it in a shop in the Dungeon)

   Harm:      It increases damage dealt and taken.
Wands
 e - a wand of flame (10) (quivered)
Scrolls
 h - a scroll of blinking
Potions
 c - a potion of curing
 d - a potion of heal wounds
 f - 2 potions of magic
 g - a potion of berserk rage


   Skills:
 + Level 9.8 Fighting
 * Level 13.2 Axes
 + Level 9.4 Armour
 - Level 2.1 Dodging
 + Level 2.0 Evocations


You had 6 spell levels left.
You didn't know any spells.
Your spell library was empty.

Dungeon Overview and Level Annotations

Branches:
Dungeon (1/1)

Altars:
Cheibriados
Dithmenos
Elyvilon
Fedhas
Gozag
Hepliaklqana
Kikubaaqudgha
Makhleb
Nemelex Xobeh
Okawaru
Qazlal
Ru
Sif Muna
Trog
Uskayaw
Vehumet
Wu Jian
Xom
Yredelemnul
Zin
The Shining One
Jiyva
Lugonu

Shops:
D [

Annotations:
D Sonja


Innate Abilities, Weirdness & Mutations

You have a pair of horns on your head.
You reflexively headbutt those who attack you in melee.


Message History

The puff of flame hits Sonja.
Sonja is heavily wounded.
You feel sick.
The puff of flame hits Sonja!
Sonja is almost dead.
You feel sick.
Sonja throws a curare-tipped dart.
The curare-tipped dart barely misses you.
Sonja casts a spell.
Sonja blinks!
You are too injured to fight recklessly!
Unknown command.
Aiming: Throw Flame
Press: ? - help, Q - select action, (/) - cycle Shift-Dir - straight line, f/p - Sonja
Aim: Sonja, wielding a +0 dagger of distortion and quivering curare-tipped darts (almost dead, 29% to hit)
The puff of flame hits Sonja.
Sonja is almost dead.
You feel sick.
Sonja says, "If only old Madame Brzewit could see me now!"
You closely miss Sonja.
Sonja is almost dead.
You feel sick.
You are no longer poisoned.
Sonja hits you but does no damage. Space warps around you!
Sonja barely misses you. Sonja hits you but does no damage.
Space warps around you. Sonja hits you but does no damage.
Sonja barely misses you. x2
You closely miss Sonja.
Sonja is almost dead.
Sonja bows elegantly.
Sonja hits you but does no damage. x3; Space warps around you.
* * * LOW HITPOINT WARNING * * *
Sonja hits you with a +0 dagger of distortion.
* * * LOW HITPOINT WARNING * * *
Space warps around you.
* * * LOW HITPOINT WARNING * * *
Sonja closely misses you. Sonja completely misses you.
You completely miss Sonja. Your headbutt misses Sonja.
Sonja is almost dead.
Sonja hits you but does no damage. Space warps horribly around you!!
You die...

######################
#<.#..').#..'..#__#..+
#..'[.#..'[.#..'..'..#
#..#####'#####+#__####
#..####..#...#)####
#..#__####..##.#
#..#_____##+#_.+
#⌠⌠#_.∩...+.K._#
####_..__##_@#+#
#_____###'#.# #######
#.### $.$ $.$ ##.##
#+#


You could see Sonja.

Vanquished Creatures
  A slime creature (D)
  Sigmund (D)
  A yak (D)
  An ogre (D)
  A jelly (D)
  Ijyb (D)
6 creatures vanquished.

Notes
Turn   | Place    | Note
-------+----------+-------------------------------------------
     0 | D        | bmack86 the Minotaur Berserker began the quest for the Orb.
     0 | D        | Reached XP level 1. HP: 19/19 MP: 0/0
     3 | D        | Noticed Ijyb
    11 | D        | Killed Ijyb
    12 | D        | Reached skill level 5 in Fighting
    12 | D        | Reached skill level 6 in Axes
    12 | D        | Reached XP level 2. HP: 19/29 MP: 1/1
    84 | D        | Noticed an ogre
    88 | D        | Killed an ogre
    89 | D        | Reached skill level 8 in Axes
    89 | D        | Reached XP level 3. HP: 38/38 MP: 2/2
    89 | D        | Reached XP level 4. HP: 45/45 MP: 3/3
   121 | D        | Noticed Sigmund
   135 | D        | Killed Sigmund
   135 | D        | Reached ** piety under Trog
   136 | D        | Reached skill level 11 in Axes
   136 | D        | Reached XP level 5. HP: 26/53 MP: 4/4
   232 | D        | Found a burning altar of Makhleb.
   232 | D        | Found a viscous altar of Jiyva.
   232 | D        | Found a shimmering altar of Xom.
   232 | D        | Found a corrupted altar of Lugonu.
   232 | D        | Noticed a slime creature
   235 | D        | Killed a slime creature
   236 | D        | Reached skill level 12 in Axes
   236 | D        | Reached XP level 6. HP: 48/63 MP: 5/5
   255 | D        | Found an ornate altar of the Wu Jian Council.
   255 | D        | Found a shimmering blue altar of Sif Muna.
   257 | D        | Found a radiant altar of Vehumet.
   289 | D        | Found Bioconou's Antique Armour Emporium.
   289 | D        | Found an ancient bone altar of Kikubaaqudgha.
   289 | D        | Found a hazy altar of Hepliaklqana.
   289 | D        | Found a stormy altar of Qazlal.
   289 | D        | Found a hide-covered altar of Uskayaw.
   289 | D        | Found a blossoming altar of Fedhas.
   289 | D        | Found a bloodstained altar of Trog.
   289 | D        | Found an iron altar of Okawaru.
   289 | D        | Found a basalt altar of Yredelemnul.
   289 | D        | Found a glowing golden altar of the Shining One.
   289 | D        | Found a snail-covered altar of Cheibriados.
   289 | D        | Found a sacrificial altar of Ru.
   289 | D        | Found a glowing silver altar of Zin.
   289 | D        | Found a shadowy altar of Dithmenos.
   289 | D        | Found a white marble altar of Elyvilon.
   289 | D        | Noticed a yak
   291 | D        | Killed a yak
   292 | D        | Reached skill level 13 in Axes
   292 | D        | Reached XP level 7. HP: 58/71 MP: 6/6
   292 | D        | Found an opulent altar of Gozag.
   293 | D        | Found a sparkling altar of Nemelex Xobeh.
   297 | D        | Bought a pair of gloves for 117 gold pieces
   297 | D        | Bought a pair of distressingly furry boots for 247 gold
                  | pieces
   297 | D        | Identified the +1 pair of boots of the Doldrums {Harm} (You
                  | bought it in a shop in the Dungeon)
   333 | D        | Noticed Sonja
   344 | D        | Mangled by Sonja

Illustrated notes

Levels and vault maps discovered:
D:        dungeon_sprint_1 [red_sonja_temple_1, red_sonja_temple_small_1]

Skill      XL: |  1  2  3  4  5  6 |
---------------+-------------------+-----
Fighting       | 5 6 8 9 |  9.8
Axes           | 6 8 11 12 13 | 13.2
Armour         | 4 6 7 8 9 |  9.4
Evocations     | 2 |  2.0
Dodging        | |  2.1

Action                     |  1- 3 |  4- 6 |  7- 9 || total
---------------------------+-------+-------+-------++-------
  Melee: Hand axe          |    10 |     9 |       ||    19
         Headbutt          |       |     5 |       ||     5
         Halberd           |       |     7 |     3 ||    10
 Invoke: Berserk           |     2 |       |       ||     2
  Evoke: Wand              |       |       |     8 ||     8
    Use: Potion            |     1 |       |       ||     1
 Armour: Chain mail        |       |     1 |    11 ||    12
  Dodge: Dodged            |     2 |     3 |     8 ||    13

Table legend: (Time is in decaauts)
 A = Elapsed time spent in this place.
 B = Non-inter-level travel time spent in this place.
 C = Inter-level travel time spent in this place.
 D = Time resting spent in this place.
 E = Time spent auto-exploring this place.
 F = Levels seen in this place.
 G = Mean time per level.
                   A        B        C        D        E       F      G
               +--------+--------+--------+--------+--------+-----+--------+
         Total |    348 |    348 |      0 |    164 |      0 |   1 |  348.0 |
       Dungeon |    348 |    348 |      0 |    164 |      0 |   1 |  348.0 |
               +--------+--------+--------+--------+--------+-----+--------+

Top non-repeatable levels by time:
       D: 348 daAuts
